 Dungeon Crawl Stone Soup version 0.28-a0-983-g1de4e0787c (webtiles) character file.

Game seed: 2994536228196765068

288 Redcow54321 the Chopper (level 5, -1/42 HPs)
             Began as a Demigod Fighter on Dec 3, 2021.
             Slain by a killer bee (6 damage)
             ... on level 4 of the Dungeon.
             The game lasted 00:05:25 (2852 turns).

Redcow54321 the Chopper (Demigod Fighter)           Turns: 2852, Time: 00:05:26

Health: -1/42      AC:  7    Str: 21    XL:     5   Next: 81%
Magic:  0/7        EV:  9    Int: 16    God:
Gold:   188        SH:  0    Dex: 13    Spells: 4/4 levels left

rFire   . . .      SeeInvis .   a - +0 war axe
rCold   . . .      Faith    .   (no shield)
rNeg    . . .      Spirit   +   b - +0 scale mail
rPois   .          Reflect  .   o - +1 hat
rElec   .          Harm     .   (no cloak)
rCorr   .          Rampage  .   (no gloves)
Will    .....                   (no boots)
Stlth   ..........              e - amulet of guardian spirit
HPRegen 0.14/turn               n - +6 ring of intelligence
MPRegen 0.10/turn               (no ring)

@: mighty
A: high mp 1, forlorn, divine attributes
a: no special abilities


You were on level 4 of the Dungeon.
You visited 1 branch of the dungeon, and saw 4 of its levels.

You collected 188 gold pieces.

Inventory:

Hand Weapons
 a - a +0 war axe (weapon)
Missiles
 k - 2 throwing nets (quivered)
Armour
 b - a +0 scale mail (worn)
 c - a +0 buckler
 o - a +1 hat (worn)
Jewellery
 e - an amulet of guardian spirit (around neck)
 n - a +6 ring of intelligence (left hand)
Wands
 r - a wand of mindburst (18)
Scrolls
 h - 3 scrolls of identify {unknown}
 j - a scroll of enchant weapon {unknown}
 l - a scroll of torment {unknown}
 m - 2 scrolls of summoning {unknown}
 p - 2 scrolls of teleportation {unknown}
 q - a scroll of acquirement {unknown}
 s - a scroll of amnesia {unknown}
Potions
 f - a potion of lignification {unknown}
 g - a potion of attraction {unknown}
 i - a potion of heal wounds {unknown}
 t - a potion of curing
 u - a potion of cancellation {unknown}


   Skills:
 - Level 2.6 Fighting
 + Level 5.9 Axes
 - Level 2.6 Armour
 - Level 2.6 Shields


You had 4 spell levels left.
You didn't know any spells.
Your spell library contained the following spells:

 Spells                   Type           Power      Damage    Failure   Level
 Sandblast                Erth           0%         2d4       56%         1
 Passwall                 Tmut/Erth      0%         N/A       71%         2
 Stone Arrow              Conj/Erth      0%         3d7       90%         3


Dungeon Overview and Level Annotations

Branches:
Dungeon (4/15)             Temple (0/1) D:4

Shops:
D:1 [([!:

Annotations:
D:3 2 transporters, HeavenlyPete's ghost, amateur DrTm
D:4 2 runed translucent doors


Innate Abilities, Weirdness & Mutations

You have an increased reservoir of magic. (+10% MP)
You shall have no god before yourself.
Your divine heritage dramatically boosts your attributes as you level up.


Message History

The killer bee buzzes angrily. x4; You hear an angry buzzing noise.
A killer bee comes into view.
Found a shimmering altar of Xom.
There are monsters nearby!
You barely miss the killer bee. The killer bee stings you. x2
You closely miss the killer bee. x2
The killer bee stings you but does no damage. x2
The killer bee stings you. The killer bee closely misses you.
You hit the killer bee.
The killer bee is moderately wounded.
You barely miss the killer bee.
The killer bee stings you but does no damage. x3
The killer bee barely misses you.
You barely miss the killer bee.
The killer bee is moderately wounded.
You barely miss the killer bee. The killer bee stings you!
The killer bee stings you but does no damage.
The killer bee stings you! The killer bee stings you.
The killer bee stings you but does no damage.
The killer bee stings you. The killer bee completely misses you.
The killer bee stings you.
You are poisoned.
The killer bee poisons you! The killer bee misses you.
The killer bee stings you.
Found a large runed translucent door.
You feel sick.
You feel sick. The killer bee barely misses you. The killer bee stings you.
* * * LOW HITPOINT WARNING * * *
You feel sick.
It was a potion of curing.
You feel better. The killer bee stings you. The killer bee closely misses you.
The killer bee barely misses you.
You feel very mighty all of a sudden. The killer bee stings you.
The killer bee completely misses you. The killer bee stings you.
The killer bee closely misses you. The killer bee stings you.
* * * LOW HITPOINT WARNING * * *
The killer bee stings you.
* * * LOW HITPOINT WARNING * * *
The killer bee stings you!
You die...

..#.#..####.# #.# .#
.<#.#...†...# #.# .#
.......###### #.#### .#
..#.#.## #.##># .#
..#.#.# #.##)####.#####
###...# ###
#.............. ###.#
....############...#####
#.. .......yy.........##
## ##
.......@yyyZ......#####.
##++########............
..≈.. #.....#'###+# ..#.
#.....#... # .≈≈
#.###.#y≈≈≈.# #. #.#
#.#.....# # #.#
#.+.._..+ ##.# ###.....#
#..# .≈≈§.#


You could see 5 killer bees and an adder skeleton.

Vanquished Creatures
  A scorpion (D:4)
  An orc priest (D:4)
  A hound (D:4)
  A gnoll shaman (D:4)
  A jelly (D:4)
  A howler monkey skeleton (D:4)
  An adder (D:3)
  A shadow imp (D:4)
  An adder skeleton (D:4)
  2 worms
  3 dart slugs
  2 orcs
  7 ball pythons
  4 endoplasms
  4 giant cockroaches
  6 goblins
  5 hobgoblins
  7 jackals
  3 quokkas
  A bat (D:1)
  2 frilled lizards
  3 kobolds
  A quokka skeleton (D:4)
  15 rats
74 creatures vanquished.

Notes
Turn   | Place    | Note
-------+----------+-------------------------------------------
     0 | D:1      | Redcow54321 the Demigod Fighter began the quest for the
                  | Orb.
     0 | D:1      | Reached XP level 1. HP: 18/18 MP: 3/3
    30 | D:1      | Reached skill level 2 in Axes
   199 | D:1      | Reached XP level 2. HP: 25/25 MP: 4/4
   311 | D:1      | Found Kutoew's Antique Armour Boutique.
   414 | D:1      | Found Vaehieq's Book Emporium.
   419 | D:1      | Reached skill level 3 in Axes
   508 | D:1      | Found Jagun's Distillery.
   641 | D:1      | Found Fidwil Zyod's Weapon Shoppe.
   700 | D:1      | Found Nolunloo's Armour Shop.
   984 | D:2      | Reached XP level 3. HP: 30/30 MP: 5/5
  1682 | D:3      | Found a transporter.
  1687 | D:3      | Noticed HeavenlyPete's ghost (amateur DrTm)
  1688 | D:3      | Found a transporter.
  2067 | D:3      | Reached skill level 4 in Axes
  2384 | D:4      | Found a staircase to the Ecumenical Temple.
  2388 | D:4      | Reached XP level 4. HP: 37/37 MP: 6/6
  2509 | D:4      | Reached skill level 5 in Axes
  2509 | D:4      | Reached XP level 5. HP: 38/42 MP: 5/7
  2847 | D:4      | Found a large runed translucent door.
  2848 | D:4      | Found a large runed translucent door.
  2852 | D:4      | Slain by a killer bee

Illustrated notes

Levels and vault maps discovered:
D:1:      minmay_arrival_shoal_huts, layout_loops_cross, serial_shops,
          nicolae_shop_bloodbath_and_beyond, nicolae_shop_behind_doors,
          nicolae_lakefront_shop, shop, nicolae_shop_hallway_plus
D:2:      layout_rooms, hellmonk_ecumenical_altar_heavens_door,
          eino_tiny_chamber, minmay_rat_gold_closets
D:3:      layout_loops_cross, nicolae_gozag_seed_capital,
          gammafunk_ghost_mausoleum
D:4:      layout_loops_ring, mainiacjoe_overflow_six_doors_small,
          minmay_temple_entry_proselytizer, ebering_ghost_disaster_area,
          st_stairs_4

Skill      XL: |  1  2  3  4 |
---------------+-------------+-----
Axes           | 2 3 4 5 |  5.9
Fighting       | |  2.6
Armour         | |  2.6
Shields        | |  2.6

Action                   |  1- 3 |  4- 6 || total
-------------------------+-------+-------++-------
Melee: War axe           |   158 |    45 ||   203
  Use: Potion            |       |     2 ||     2
Armor: Scale mail        |    80 |    23 ||   103
Dodge: Dodged            |    79 |    30 ||   109

Table legend: (Time is in decaauts)
 A = Elapsed time spent in this place.
 B = Non-inter-level travel time spent in this place.
 C = Inter-level travel time spent in this place.
 D = Time resting spent in this place.
 E = Time spent auto-exploring this place.
 F = Levels seen in this place.
 G = Mean time per level.
                   A        B        C        D        E       F      G
               +--------+--------+--------+--------+--------+-----+--------+
         Total |   2915 |   2835 |     80 |      0 |   2264 |   4 |  728.8 |
       Dungeon |   2915 |   2835 |     80 |      0 |   2264 |   4 |  728.8 |
               +--------+--------+--------+--------+--------+-----+--------+

Top non-repeatable levels by time:
     D:1: 968 daAuts
     D:3: 855 daAuts
     D:4: 589 daAuts
     D:2: 502 daAuts
